 Dungeon Crawl Stone Soup version 0.22-a0-447-gee5f7238b3 (webtiles) character file.

1430 Kriby the Spear-Bearer (level 8, -14/56 HPs)
             Began as a Merfolk Skald on June 3, 2018.
             Was an Initiate of Hepliaklqana.
             Demolished by a two-headed ogre
             ... wielding a +0 giant club
              (15 damage)
             ... on level 8 of the Dungeon.
             The game lasted 00:12:29 (7199 turns).

Kriby the Spear-Bearer (Merfolk Skald)              Turns: 7199, Time: 00:12:29

Health: -14/56     AC:  7    Str: 14    XL:     8   Next: 73%
Magic:  6/11       EV: 15    Int: 12    God:    Hepliaklqana [......]
Gold:   51         SH:  5    Dex: 13    Spells: 10/11 levels left

rFire    . . .     SeeInvis .   s - +0 halberd
rCold    + . .     Gourm    .   (shield currently unavailable)
rNeg     . . .     Faith    .   h - +0 ring mail
rPois    .         Spirit   .   (no helmet)
rElec    .         Reflect  +   x - +0 cloak
rCorr    +         Harm     .   z - +0 pair of gloves
MR       .....                  (no boots)
Stlth    +.........             r - +5 amulet of reflection
HPRegen  0.18/turn              o - ring "Ogemmuhi" {rCorr rC+ Slay+3}
MPRegen  0.12/turn              (no ring)

@: infused (expiring), very slightly contaminated
A: change form in water, swift swim, stealthy swim, reduced essence
a: Recall Ancestor, Ancestor Identity, Renounce Religion


You were on level 8 of the Dungeon.
You worshipped Hepliaklqana.
Hepliaklqana was noncommittal.
You were hungry.

You visited 1 branch of the dungeon, and saw 6 of its levels.
You also visited: Ossuary.

You collected 143 gold pieces.
You spent 92 gold pieces at shops.

Inventory:

Hand Weapons
 a - a +0 spear
 s - a +0 halberd (weapon)
Armour
 b - a +0 leather armour
 h - a +0 ring mail (worn)
 x - a +0 cloak (worn)
 z - a +0 pair of gloves (worn)
Jewellery
 m - an uncursed amulet of rage
 o - the ring "Ogemmuhi" (left hand) {rCorr rC+ Slay+3}
   (You found it in an ossuary)

   [ring of resist corrosion]

   It affects your accuracy and damage with ranged weapons and melee attacks
   (+3).
   It protects you from cold.
 r - a +5 amulet of reflection (around neck)
Wands
 B - a wand of digging (14) {@v1}
Scrolls
 e - 8 scrolls of identify {@r1}
 f - a scroll of immolation
 g - a scroll of noise
 j - a scroll of remove curse {@r2}
 k - 3 scrolls of teleportation {@r3}
 y - a scroll of enchant weapon {unknown}
 A - a scroll of random uselessness {unknown}
 C - a scroll of magic mapping
Potions
 c - 6 potions of lignification
 i - 2 potions of brilliance
 l - 4 potions of curing {@q1}
 n - 2 potions of berserk rage
 p - 2 potions of haste {@q3}
 q - a potion of might {@q4}
 t - 2 potions of cancellation {unknown}
 u - a potion of agility {unknown}
 v - a potion of ambrosia {unknown}
Comestibles
 d - 16 rations {@e1}


   Skills:
 + Level 5.5 Fighting
 * Level 9.8 Polearms
 - Level 0.6 Armour
 * Level 9.1 Dodging
 - Level 2.0 Spellcasting
 - Level 3.2 Charms


You had 10 spell levels left.
You knew the following spells:

 Your Spells              Type           Power        Failure   Level  Hunger
a - Infusion              Chrm           #...         14%         1    ##.....

Your spell library contained the following spells:

 Spells                   Type           Power        Failure   Level  Hunger
 Magic Dart               Conj           #...         50%         1    ##.....
 Apportation              Tloc           #.....       50%         1    ##.....
 Conjure Flame            Conj/Fire      #.......     86%         3    ####...
 Slow                     Hex            #.......     63%         2    ###....
 Mephitic Cloud           Conj/Pois/Air  #.......     86%         3    ####...
 Summon Small Mammal      Summ           #...         50%         1    ##.....
 Blink                    Tloc           N/A          63%         2    ###....
 Iskenderun's Mystic Bla  Conj           #.......     99%         4    #####..
 Animate Skeleton         Necr           N/A          50%         1    ##.....
 Call Imp                 Summ           #.......     63%         2    ###....
 Regeneration             Chrm/Necr      #.........   65%         3    ####...
 Confusing Touch          Hex            #.....       50%         1    ##.....
 Shroud of Golubria       Chrm/Tloc      #.........   41%         2    ###....
 Fulminant Prism          Conj/Hex       #.........   99%         4    #####..
 Dazzling Spray           Conj/Hex       #.....       86%         3    ####...
 Force Lance              Conj/Tloc      #.......     99%         4    #####..
 Song of Slaying          Chrm           #.......     22%         2    ###....
 Spectral Weapon          Hex/Chrm       #.......     65%         3    ####...
 Searing Ray              Conj           #.....       63%         2    ###....


Dungeon Overview and Level Annotations

Branches:
Dungeon (5/15)
 Temple: D:4-7

Altars:
Hepliaklqana
Makhleb
Wu Jian

Shops:
D:4 !:%?*


Message History

You closely miss the two-headed ogre.
The two-headed ogre is severely wounded.
Your magical infusion is running out.
The two-headed ogre barely misses you.
The two-headed ogre hits you with a dire flail.
Attack whom?
Press: ? - help, Dir - move target cursor, f/p - two-headed ogre
Aim: a two-headed ogre, wielding a giant club and a dire flail (severely wounded)
You slash the two-headed ogre!
The two-headed ogre is almost dead.
The two-headed ogre hits you with a giant club!!
* * * LOW HITPOINT WARNING * * *
The two-headed ogre completely misses you.
Attack whom?
Press: ? - help, Dir - move target cursor, f/p - two-headed ogre
Aim: a two-headed ogre, wielding a giant club and a dire flail (almost dead)
You barely miss the two-headed ogre.
The two-headed ogre is almost dead.
The two-headed ogre hits you with a giant club!
You die...

......#....#....#####
....................#
###.###.....##...#.###
###.###..............#
...........#.........#
##..###..............#
#..........#.....####
....###....##.......#
..... ###.##...!@...#
..... #....#.#O#..#
...... #.#....#.#.>#
...>.. #......#.####
####### #....#.#.# #
## #......#.# #
#........# #
#......?.# #
#....##.>#


You could see a two-headed ogre.

Vanquished Creatures
  A wraith (Ossuary)
  A water moccasin (D:5)
  An ice beast (D:5)
  A sky beast (D:8)
  An ogre (D:8)
  A centaur (D:5)
  An elf zombie (Ossuary)
  2 howler monkeys (D:5)
  3 crimson imps
  2 orc wizards (D:1)
  A gnoll shaman (D:4)
  2 orc priests
  3 hounds
  A worker ant (D:4)
  An iguana (D:5)
  A hound skeleton (D:5)
  3 mummies (Ossuary)
  5 gnolls (D:4)
  7 adders
  An ooze (D:2)
  2 adder skeletons
  6 worms
  3 dart slugs
  3 leopard geckos
  15 orcs
  4 giant cockroaches
  A gnoll zombie (Ossuary)
  2 goblins
  7 hobgoblins
  12 jackals
  4 kobolds
  4 quokkas
  A ball python skeleton (D:4)
  13 bats
  2 frilled lizards
  3 goblin zombies (Ossuary)
  3 hobgoblin zombies (Ossuary)
  A jackal zombie (D:8)
  2 kobold zombies (Ossuary)
  A leopard gecko skeleton (D:4)
  10 rats
138 creatures vanquished.

Notes
Turn   | Place    | Note
-------+----------+-------------------------------------------
     0 | D:1      | Kriby the Merfolk Skald began the quest for the Orb.
     0 | D:1      | Reached XP level 1. HP: 16/16 MP: 3/3
   258 | D:1      | Reached XP level 2. HP: 23/23 MP: 5/5
   699 | D:2      | Reached XP level 3. HP: 19/28 MP: 6/6
  1061 | D:1      | Reached XP level 4. HP: 21/34 MP: 0/7
  1837 | D:2      | Reached skill level 5 in Polearms
  1847 | D:2      | Reached XP level 5. HP: 38/41 MP: 2/8
  2391 | D:2      | Reached skill level 5 in Dodging
  2521 | D:2      | Found a burning altar of Makhleb.
  3245 | D:3      | Reached XP level 6. HP: 47/47 MP: 4/9
  3641 | D:3      | Found a faded altar of an unknown god.
  4247 | D:4      | Found Xammist's Book Emporium.
  4284 | D:4      | Found Xanaome's Distillery.
  4286 | D:4      | Bought a potion of degeneration for 14 gold pieces
  4286 | D:4      | Bought a potion of might for 56 gold pieces
  4625 | D:4      | Found Negh's Food Shop.
  4681 | D:4      | Found an ornate altar of the Wu Jian Council.
  4790 | D:4      | Found Azutuxt's Magic Scroll Shoppe.
  4797 | D:4      | Bought a scroll of identify for 22 gold pieces
  4880 | D:4      | Reached XP level 7. HP: 31/54 MP: 1/10
  5044 | D:4      | Found Fubror's Assorted Antiques.
  5407 | D:5      | Entered Level 5 of the Dungeon
  5619 | D:5      | Found a sand-covered staircase.
  5628 | Ossuary  | Entered an ossuary
  5628 | Ossuary  | Noticed a wraith
  5628 | Ossuary  | Noticed a wraith
  5628 | Ossuary  | Noticed a wraith
  5912 | Ossuary  | Noticed a wraith
  5924 | Ossuary  | Killed a wraith
  5924 | Ossuary  | Reached XP level 8. HP: 24/61 MP: 7/11
  6196 | Ossuary  | Got a scorched jade ring
  6197 | Ossuary  | Identified the ring "Ogemmuhi" {rCorr rC+ Slay+3} (You found it in an ossuary)
  6476 | D:5      | Reached skill level 5 in Fighting
  6872 | D:5      | Found a hazy altar of Hepliaklqana.
  6918 | D:5      | Became a worshipper of Hepliaklqana the Forgotten
  6944 | D:5      | You fall through a shaft for 3 floors!
  7180 | D:8      | Noticed a two-headed ogre
  7198 | D:8      | HP: 1/56 [two-headed ogre/giant club (20)]
  7199 | D:8      | Demolished by a two-headed ogre

Vault maps used:
D:1:      noname_arrival_rooms_in_the_neighbourhood, hangedman_decor_growths
D:2:      makhleb_grotto_becter, uniq_crazy_yiuf_cottage
D:3:      chequers_ecumenical_altar_simple_redux
D:4:      lemuel_crystal_altar, first_ration, serial_shops, shop, shop,
          kennysheep_little_box, nicolae_shop_trees, shop_statue
D:5:      lemuel_crystal_altar, nicolae_ossuary_entry_ruins,
          minmay_misc_feat_encased
D:8:      nicolae_overflow_hidden_temple
Ossuary:  ossuary_kennysheep_city_of_the_dead

Skill      XL: |  1  2  3  4  5  6  7  8 |
---------------+-------------------------+-----
Dodging        | 3 4 5 6 7 9 |  9.1
Polearms       | 4 5 7 8 9 |  9.8
Fighting       | 3 4 5 |  5.5
Armour         | |  0.6
Spellcasting   | |  2.0
Charms         | |  3.2

Action                   |  1- 3 |  4- 6 |  7- 9 || total
-------------------------+-------+-------+-------++-------
Melee: Spear             |    91 |   401 |       ||   492
       Halberd           |       |     7 |   167 ||   174
 Cast: Infusion          |     2 |    33 |    19 ||    54
  Use: Potion            |     1 |       |       ||     1
       Scroll            |       |     3 |     7 ||    10
 Stab: Sleeping          |     3 |       |       ||     3
  Eat: Chunk             |       |    14 |     4 ||    18
       Ration            |       |       |     1 ||     1
Armor: Leather armour    |    11 |    11 |       ||    22
       Ring mail         |       |    55 |    35 ||    90
Dodge: Dodged            |    41 |   151 |    60 ||   252
Block: Other             |       |     1 |    24 ||    25

Table legend:
 A = Spawn XP
 B = Non-spawn XP
 C = Spawn XP percentage of total XP
 D = Spawn monster count
 E = Non-spawn monster count
 F = Spawn count percentage of total count
 G = Total turns spent on level
                    A         B        C        D         E        F      G
               +---------+---------+-------+---------+---------+-------+---------
         Total |       0 |    2044 |   0.0 |       0 |     137 |   0.0 |  7199
               +---------+---------+-------+---------+---------+-------+---------
           D:1 |       0 |     151 |   0.0 |       0 |      27 |   0.0 |  1708
           D:2 |       0 |     140 |   0.0 |       0 |      21 |   0.0 |  1119
           D:3 |       0 |      54 |   0.0 |       0 |      26 |   0.0 |  1163
           D:4 |       0 |     387 |   0.0 |       0 |      33 |   0.0 |  1455
           D:5 |       0 |     660 |   0.0 |       0 |      12 |   0.0 |   707
           D:8 |       0 |     298 |   0.0 |       0 |       5 |   0.0 |   255
       Ossuary |       0 |     354 |   0.0 |       0 |      13 |   0.0 |   792
               +---------+---------+-------+---------+---------+-------+---------
